[Event "*** Titled Tuesday Blitz"]
[Site "Chess.com"]
[Date "2021.03.16"]
[Round "11"]
[White "gurelediz"]
[Black "GMaka"]
[Result "1-0"]
[WhiteElo "2677"]
[BlackElo "2486"]
[TimeControl "180+1"]
[EndTime "12:02:39 PDT"]
[Termination "gurelediz won by resignation"]

1. e4 c6 2. d4 d5 3. Nc3 dxe4 4. Nxe4 Nf6 5. Nxf6+ exf6 6. Bc4 Be6 7. Bxe6 fxe6 8. Ne2 Bd6 9. O-O O-O 10. c3 Qc7 11. h3 Nd7 12. Re1 Rae8 13. Be3 b6 14. Qb3 Kh8 15.
Rad1 Re7 16. c4 Rfe8 17. Qc2 Nf8 18. a3 Ng6 19. c5 bxc5 20. dxc5 Bh2+ 21. Kh1 Be5 22.
b4 Rd8 23. f4 Nxf4 24. Rxd8+ Qxd8 25. Bxf4 Bxf4 26. Nxf4 e5 27. Rd1 Rd7 28. Rxd7 Qxd7 29. Qd3 Qe8 30. Ne6 Kg8 31. Qd8 Kf7 32. Qxe8+ Kxe8 33.
Nxg7+ Kf7 34. Kg1 Kxg7 35. b5 1-0

[Event "*** Titled Tuesday Blitz"]
[Site "Chess.com"]
[Date "2021.03.16"]
[Round "11"]
[White "Vincent_Vega95"]
[Black "PavelChernomordik"]
[Result "1-0"]
[WhiteElo "2714"]
[BlackElo "2406"]
[TimeControl "180+1"]
[EndTime "12:02:40 PDT"]
[Termination "Vincent_Vega95 won by resignation"]

1. d4 g6 2. c4 Bg7 3. e4 Nc6 4. Ne2 e5 5. d5 Nd4 6. Nxd4 exd4 7. Bd3 d6 8. h4 h5 9. Bg5 Bf6 10. Qd2 c5 11. Na3 a6 12. Rb1 Bd7 13. b4 b6 14.
O-O Bxg5 15. hxg5 h4 16. bxc5 bxc5 17. Qf4 Rh5 18. Qxd6 Rxg5 19. Kh1 Qe7 20. Rb8+ Rxb8 21. Qxb8+ Qd8 22. Rb1 Nf6 23. Qf4 Rg4 24. Qe5+ Kf8 25. Rb8 Qxb8 26. Qxb8+ Kg7 27. Qe5 h3 28. g3 Ba4 29. f3 1-0

[Event "*** Titled Tuesday Blitz"]
[Site "Chess.com"]
[Date "2021.03.16"]
[Round "11"]
[White "Nemsko"]
[Black "muchojogo"]
[Result "0-1"]
[WhiteElo "2302"]
[BlackElo "2410"]
[TimeControl "180+1"]
[EndTime "12:03:00 PDT"]
[Termination "muchojogo won by checkmate"]

1. e4 c5 2. Nf3 d6 3. d4 cxd4 4.
Nxd4 Nf6 5. Nc3 g6 6. Be3 Bg7 7. f3 Nc6 8. Qd2 O-O 9. O-O-O Nxd4 10. Bxd4 Be6 11. h4 Qa5 12. Kb1 Rfc8 13. a3 Rab8 14. g4 b5 15. g5 b4 16. Ne2 Nd7 17. Bxg7 Kxg7 18. Nf4 Ne5 19. Nxe6+ fxe6 20. f4 Nc6 21. a4 Qxa4 22. h5 b3 23. cxb3 Qxb3 24. hxg6 Nb4 25.
Rxh7+ Kxg6 26. Rh6+ Kg7 27. Qd4+ e5 28. fxe5 Qa2# 0-1

[Event "*** Titled Tuesday Blitz"]
[Site "Chess.com"]
[Date "2021.03.16"]
[Round "11"]
[White "tptagain"]
[Black "rpragchess"]
[Result "0-1"]
[WhiteElo "2869"]
[BlackElo "2918"]
[TimeControl "180+1"]
[EndTime "12:03:06 PDT"]
[Termination "rpragchess won by checkmate"]

1. e4 Nc6 2. Bb5 Nf6 3. d3 d6 4. f4 g6 5. Nf3 Bg7 6. O-O O-O 7. c3 e5 8. Bxc6 bxc6 9. fxe5 dxe5 10. Qe2 Qd6 11. Na3 Ba6 12. c4 Rad8 13. Bg5 h6 14. Bh4 g5 15. Bg3 Nh5 16. Rad1 Nf4 17. Bxf4 exf4 18.
e5 Qg6 19. d4 Rfe8 20. Qe1 c5 21. d5 Bc8 22. Nb5 g4 23. Nh4 Qg5 24. e6 fxe6 25. Nxc7 Re7 26. d6 Rxc7 27. dxc7 Rxd1 28. Qxd1 Bd4+ 29. Kh1 Qxh4 30. Qa4 g3 31. Qe8+ Kg7 32. h3 Qxh3+ 33. gxh3 Bb7+ 34. Rf3 Bxf3# 0-1

[Event "*** Titled Tuesday Blitz"]
[Site "Chess.com"]
[Date "2021.03.16"]
[Round "11"]
[White "Skatchkov_V"]
[Black "c_r_e_e_p_e_r"]
[Result "0-1"]
[WhiteElo "2613"]
[BlackElo "2394"]
[TimeControl "180+1"]
[EndTime "12:03:10 PDT"]
[Termination "c_r_e_e_p_e_r won by checkmate"]

1. d4 Nf6 2. c4 e6 3. Nf3 b6 4. g3 Ba6 5. b3 c5 6. Bg2 Bb7 7.
d5 exd5 8. Nh4 Ne4 9. cxd5 Qf6 10. Qc2 Qxf2+ 11. Kd1 Qd4+ 12. Nd2 Nf2+ 13. Ke1 Nxh1 14.
Bb2 Qg1+ 15. Nf1 Be7 16. Nf5 Qxg2 17. Nxg7+ Kd8 18. Nf5 Re8 19. N1e3 Qxh2 20. Nxe7 Qxg3+ 21. Kd2 Rxe7 22. Nf5 Qf4+ 23. e3 Qf2+ 24. Kc3 Qxc2+ 25. Kxc2 Bxd5 26. Bf6 Be4+ 27. Kc3 Nc6 28. Rg1 Bxf5 29. Rg8+ Kc7 30. Rxa8 Rxe3+ 31. Kd2 Rd3+ 32. Ke2 Ng3+ 33. Kf2 Ne4+ 34. Ke2 Nxf6 35. Rh8 Nd4+ 36. Kf2 Kd6 37.
Ra8 a5 38. Ra7 Kc6 39. Rb7 Rd2+ 40. Ke3 Rxa2 41. Rb8 Nd5# 0-1

[Event "*** Titled Tuesday Blitz"]
[Site "Chess.com"]
[Date "2021.03.16"]
[Round "11"]
[White "IAgrest"]
[Black "TheCairnTerrier"]
[Result "0-1"]
[WhiteElo "2224"]
[BlackElo "2156"]
[TimeControl "180+1"]
[EndTime "12:03:11 PDT"]
[Termination "TheCairnTerrier won by resignation"]

1. e4 c5 2. Nf3 e6 3. d4 cxd4 4. Nxd4 Nf6 5. Nc3 d6 6. g4 h6 7. Rg1 Nc6 8. Be3 d5 9. Bb5 Bd7 10. exd5 Nxd4 11. Bxd7+ Qxd7 12. Qxd4 Nxd5 13. Nxd5 Qxd5 14.
Qxd5 exd5 15. O-O-O Rd8 16. Bxa7 Ra8 17. Rge1+ Kd7 18.
Rxd5+ Kc6 19. Ra5 Bb4 20. Ree5 Bxa5 21. Rxa5 b6 22. Ra3 Kb7 23. Rf3 Rxa7 24. Rxf7+ Ka6 25. Rf5 Rd7 26. b3 Re8 27. a4 Re1+ 28. Kb2 Rh1 29. b4 Rxh2 30. Kb3 Rh1 31. Kb2 Re1 32. f3 Re2 33. Rf8 Rc7 34. Kb3 Rexc2 0-1

[Event "*** Titled Tuesday Blitz"]
[Site "Chess.com"]
[Date "2021.03.16"]
[Round "11"]
[White "andriipalchuk"]
[Black "mjray79"]
[Result "1-0"]
[WhiteElo "2567"]
[BlackElo "2466"]
[TimeControl "180+1"]
[EndTime "12:03:13 PDT"]
[Termination "andriipalchuk won by resignation"]

1. d4 Nf6 2. c4 g6 3. Nf3 Bg7 4. g3 d6 5. Bg2 O-O 6. O-O Nc6 7.
Nc3 a6 8. b3 e5 9. dxe5 dxe5 10.
Bb2 Be6 11. Qc1 h6 12. Rd1 Qc8 13. Nd5 Nd7 14. h4 Kh7 15. Kh2 Nb6 16. Qe3 Bxd5 17. cxd5 Nb4 18. Qc5 a5 19. a3 Na6 20. Qc2 Re8 21.
Bh3 Qd8 22. h5 e4 23. Nh4 Qg5 24. hxg6+ fxg6 25. Bxg7 Kxg7 26. d6 Qf6 27. dxc7 Qxf2+ 28. Bg2 Rac8 29. Qc3+ Qf6 30. Qxf6+ Kxf6 31. Rd6+ 1-0

[Event "*** Titled Tuesday Blitz"]
[Site "Chess.com"]
[Date "2021.03.16"]
[Round "11"]
[White "Piacramling"]
[Black "HanSchut"]
[Result "1-0"]
[WhiteElo "2355"]
[BlackElo "2234"]
[TimeControl "180+1"]
[EndTime "12:03:33 PDT"]
[Termination "Piacramling won on time"]

1. Nf3 Nf6 2. c4 c5 3. Nc3 d5 4. cxd5 Nxd5 5. e3 Nc7 6. d4 cxd4 7. exd4 g6 8. Bc4 Bg7 9. O-O O-O 10. Ne5 e6 11.
Bf4 Nc6 12. Nxc6 bxc6 13. Qd2 Nd5 14. Bg5 Qb6 15. Rfd1 Nxc3 16. bxc3 c5 17. d5 Rb8 18. d6 Bd7 19. Rac1 Rfc8 20. h4 Qc6 21. Qf4 Qa4 22. h5 Qc6 23. h6 Bh8 24. Bf6 1-0

[Event "*** Titled Tuesday Blitz"]
[Site "Chess.com"]
[Date "2021.03.16"]
[Round "11"]
[White "BvsN"]
[Black "Mrlammy"]
[Result "1-0"]
[WhiteElo "2420"]
[BlackElo "2317"]
[TimeControl "180+1"]
[EndTime "12:03:34 PDT"]
[Termination "BvsN won by checkmate"]

1. c4 Nf6 2. Nc3 e6 3. e4 d5 4. e5 Nfd7 5. cxd5 Nxe5 6. d4 Ng6 7. dxe6 Bxe6 8. d5 Bf5 9. Qe2+ Qe7 10. Be3 Nd7 11. g4 Be4 12. f3 Bxf3 13. Nxf3 O-O-O 14. O-O-O Kb8 15. Qf2 a6 16. Bd3 Qb4 17. h3 Bd6 18. Rhe1 Qa5 19. Kb1 Rhe8 20. Nd4 Nc5 21. Bxg6 hxg6 22. Nb3 Nxb3 23. axb3 Qb4 24. Qc2 Rh8 25. Rd4 Qb6 26. Ra4 c5 27. dxc6 Qxc6 28. Ne4 Qd5 29.
Nxd6 Rxd6 30. Bf4 Ka8 31. Bxd6 Qxd6 32. Rc4 Rxh3 33. Rc8+ Ka7 34. Qf2+ b6 35. Qxf7+ Qc7 36. Qxc7# 1-0

[Event "*** Titled Tuesday Blitz"]
[Site "Chess.com"]
[Date "2021.03.16"]
[Round "11"]
[White "kunaevchess"]
[Black "IngOscarArdila"]
[Result "1-0"]
[WhiteElo "2381"]
[BlackElo "2278"]
[TimeControl "180+1"]
[EndTime "12:03:40 PDT"]
[Termination "kunaevchess won by checkmate"]

1. e4 e5 2. Nf3 Nc6 3. Bb5 Nf6 4.
O-O Nxe4 5. Re1 d5 6. Nxe5 Bd7 7.
Nxd7 Kxd7 8. Qg4+ Kd6 9. d3 Nf6 10. Qg3+ Kc5 11. Na3 a6 12. Bxc6 Kxc6 13. Bg5 Bd6 14.
Qh4 h6 15. Bd2 g5 16. Qa4+ b5 17. Qb3 Qd7 18. c4 dxc4 19. dxc4 b4 20. Qa4+ Kb7 21. Qb3 a5 22. Be3 a4 23. Qc2 bxa3 24. bxa3 Kc8 25. c5 Be5 26. Rad1 Qc6 27. Qf5+ Qe6 28. Qf3 Re8 29.
Qxa8# 1-0

[Event "*** Titled Tuesday Blitz"]
[Site "Chess.com"]
[Date "2021.03.16"]
[Round "11"]
[White "GoltsevDmitry2000"]
[Black "Frolyanov_D"]
[Result "0-1"]
[WhiteElo "2791"]
[BlackElo "2693"]
[TimeControl "180+1"]
[EndTime "12:03:41 PDT"]
[Termination "Frolyanov_D won by checkmate"]

1. e4 c5 2. Nf3 e6 3. d4 cxd4 4. Nxd4 a6 5. Nc3 Qc7 6. Be3 Nf6 7. Be2 d6 8. O-O Be7 9. a4 b6 10. f4 Bb7 11. Bf3 Nbd7 12. Qe2 Nc5 13. Bf2 O-O 14.
g4 Rfe8 15. g5 Nfd7 16. h4 Bf8 17. Rad1 e5 18. Nf5 exf4 19. Qd2 Ne5 20. Qxf4 Nxf3+ 21. Qxf3 Nxe4 22. Qg4 Nxc3 23. bxc3 g6 24. Ng3 Qc6 25. Qh3 Qxc3 26. Bd4 Qxc2 27. h5 Rac8 28. hxg6 Qxg6 29. Nh5 Qxg5+ 30. Kh2 Rc2+ 31. Rf2 Rxf2+ 32. Bxf2 Re2 33. Rf1 d5 34. Qf3 Bd6+ 35. Kh1 d4 36. Qxb7 Qxh5+ 37. Kg2 Qg4+ 38. Kh1 Qh3+ 39. Kg1 Qh2# 0-1

[Event "*** Titled Tuesday Blitz"]
[Site "Chess.com"]
[Date "2021.03.16"]
[Round "11"]
[White "ridnani2021"]
[Black "FMalexhdez"]
[Result "1/2-1/2"]
[WhiteElo "2334"]
[BlackElo "2211"]
[TimeControl "180+1"]
[EndTime "12:03:42 PDT"]
[Termination "Game drawn by repetition"]

1. e4 c5 2. Nf3 d6 3. d4 cxd4 4. Qxd4 Nc6 5. Bb5 Bd7 6. Bxc6 Bxc6 7. c4 Nf6 8. Nc3 g6 9. b3 Bg7 10. h3 O-O 11. Qd3 Qa5 12. Bd2 Qc7 13. O-O Rac8 14.
Rac1 Qb8 15. Be3 Nd7 16. Nd5 Bxd5 17. exd5 a6 18. Rfe1 b5 19. Bd4 bxc4 20. bxc4 Ne5 21. Nxe5 dxe5 22. Be3 Qb2 23. Re2 Qb4 24. c5 e4 25. Qb3 a5 26. Rc4 Qxb3 27. axb3 Rfd8 28. Rd2 f5 29. d6 exd6 30. cxd6 Rb8 31. d7 Kf7 32.
Rc6 Rb7 33. Rc8 Rdxd7 34. Rxd7+ Rxd7 35. Ra8 Rb7 36. Rxa5 Rxb3 37. Ra7+ Kf8 38. Bc5+ Kg8 39. Ra8+ Kf7 40. Ra7+ Kg8 41. Ra8+ Kf7 42. Ra7+ Kg8 1/2-1/2

[Event "*** Titled Tuesday Blitz"]
[Site "Chess.com"]
[Date "2021.03.16"]
[Round "11"]
[White "Pinkito"]
[Black "lukazz029"]
[Result "1-0"]
[WhiteElo "2445"]
[BlackElo "2249"]
[TimeControl "180+1"]
[EndTime "12:03:44 PDT"]
[Termination "Pinkito won by resignation"]

1. d4 Nf6 2. c4 c5 3. d5 e6 4. Nc3 exd5 5. cxd5 d6 6. Nf3 g6 7. Bf4 Bg7 8. Qa4+ Bd7 9. Qb3 Qc7 10. e4 Ng4 11. Be2 O-O 12. O-O Re8 13. Nd2 Ne5 14. Bg3 Bg4 15. f3 Bc8 16. h3 Bh6 17. f4 Ned7 18.
Nb5 Qa5 19. Nc4 Qb4 20. Qxb4 cxb4 21. Ncxd6 Rd8 22. Nc7 Na6 23. Nxa8 Ndc5 24. Bxa6 Nxa6 25. Rac1 Bxh3 26. gxh3 Rxd6 27. Rc8+ Kg7 28. f5 Be3+ 29. Kg2 Rd7 30. f6+ Kh6 31. Kf3 Bg5 32. Bf4 1-0

[Event "*** Titled Tuesday Blitz"]
[Site "Chess.com"]
[Date "2021.03.16"]
[Round "11"]
[White "Volodar_Murzin"]
[Black "Orest_Vovk"]
[Result "1-0"]
[WhiteElo "2683"]
[BlackElo "2497"]
[TimeControl "180+1"]
[EndTime "12:03:56 PDT"]
[Termination "Volodar_Murzin won on time"]

1. e4 g5 2. d4 h6 3. Bc4 d6 4. Nc3 Bg7 5. Nf3 c6 6. h4 g4 7. Nh2 Nf6 8. Nf1 Nh5 9. Be3 Qb6 10. Bb3 Qa5 11. Ng3 Nxg3 12. fxg3 h5 13. O-O Rf8 14. Qd2 Na6 15. Rad1 Nc7 16. Nd5 Qxd2 17. Nxc7+ Kd8 18. Rxd2 Kxc7 19. Rxf7 Rxf7 20. Bxf7 e5 21. Bxh5 Be6 22. d5 cxd5 23. exd5 Bd7 24. Bg6 a6 25. Rf2 Rf8 26. Rxf8 Bxf8 27. Be4 Kd8 28. c4 b5 29. b3 bxc4 30. bxc4 Ke7 31. c5 dxc5 32. Bxc5+ Kf7 33. Bxf8 Kxf8 34. Kf2 Ke7 35. Ke3 Kf6 36.
Kd3 Bb5+ 37. Kc3 1-0

[Event "*** Titled Tuesday Blitz"]
[Site "Chess.com"]
[Date "2021.03.16"]
[Round "11"]
[White "NiranjanNavalgund"]
[Black "jacky72"]
[Result "0-1"]
[WhiteElo "2523"]
[BlackElo "2689"]
[TimeControl "180+1"]
[EndTime "12:03:56 PDT"]
[Termination "jacky72 won by checkmate"]

1. e4 a6 2. d4 g6 3. h4 h6 4. h5 g5 5. c4 Bg7 6. Nc3 c5 7. d5 b5 8. cxb5 axb5 9. Nxb5 Ba6 10. Nc3 Bxf1 11. Kxf1 d6 12. Nge2 Nf6 13. Ng3 O-O 14. Nf5 Na6 15. f4 gxf4 16. Bxf4 e6 17. Nxg7 Kxg7 18. Qd2 Rh8 19. Rh3 e5 20. Rg3+ Kh7 21.
Bxh6 Nxh5 22. Rh3 Qf6+ 23. Kg1 Qxh6 24. Qe2 Kg7 25. Rf1 Nf4 26. Qg4+ Qg6 27. Qxg6+ fxg6 28. Rxh8 Rxh8 29. Nb5 Rb8 30. Nxd6 Rxb2 31. Nc4 Rxg2+ 32. Kh1 Re2 33. Nxe5 Rxe4 34. Nc6 Nxd5 35. Rd1 Nab4 36. Nd8 Rh4+ 37. Kg1 Rg4+ 38. Kh1 Ne3 39. Rd7+ Kf6 40.
a3 Nbd5 41. Nc6 Nf4 42. Rd6+ Kg7 43. Ne5 Rg3 44. Rc6 Ne2 45. Kh2 Rg2+ 46. Kh3 Nf4+ 47. Kh4 Nf5# 0-1

[Event "*** Titled Tuesday Blitz"]
[Site "Chess.com"]
[Date "2021.03.16"]
[Round "11"]
[White "Taran2004"]
[Black "Mikhail_Golubev"]
[Result "1-0"]
[WhiteElo "2454"]
[BlackElo "2526"]
[TimeControl "180+1"]
[EndTime "12:04:00 PDT"]
[Termination "Taran2004 won by resignation"]

1. e4 g6 2. Nf3 Bg7 3. d4 d6 4. Nc3 Nf6 5. Bc4 O-O 6. O-O Nxe4 7. Bxf7+ Rxf7 8. Nxe4 Bg4 9. Neg5 Rf8 10. h3 Bf5 11. c3 h6 12. Qb3+ d5 13. Qxb7 hxg5 14. Qxa8 g4 15.
hxg4 Bxg4 16. Ne5 Bxe5 17. dxe5 Qd7 18. Qxa7 Nc6 19. Qe3 d4 20. cxd4 Nxd4 21. f3 Nc2 22. Qb3+ Kg7 23. Qxc2 Bf5 24. Qc3 Qe6 25. Be3 Rh8 26.
Rad1 Bh3 27. Rd2 Rh5 28. gxh3 Qxh3 29. e6+ Kh7 30. Rg2 Qh1+ 31. Kf2 Qh4+ 32. Ke2 Qh3 33. Rfg1 Qxe6 34. Rxg6 Rh2+ 35. R6g2 Rxg2+ 36. Rxg2 Qxe3+ 37. Qxe3 1-0

[Event "*** Titled Tuesday Blitz"]
[Site "Chess.com"]
[Date "2021.03.16"]
[Round "11"]
[White "Shuvalov"]
[Black "IsaacWiebe"]
[Result "1-0"]
[WhiteElo "2480"]
[BlackElo "2268"]
[TimeControl "180+1"]
[EndTime "12:04:00 PDT"]
[Termination "Shuvalov won by checkmate"]

1. b4 b5 2. a4 bxa4 3. Bb2 Nf6 4. Nf3 e6 5. b5 d5 6. e3 Be7 7. Rxa4 O-O 8. g4 Nbd7 9. g5 Ne4 10. Rg1 Nb6 11.
Ra2 Nxg5 12. Nxg5 Bxg5 13. Qg4 Bf6 14. Qxg7+ Bxg7 15. Rxg7+ Kh8 16. Rxf7+ Kg8 17. Rg7+ Kh8 18. Rd7+ Qf6 19. Bxf6+ Rxf6 20. Rxc7 e5 21. Raxa7 Rxa7 22. Rxa7 d4 23. Rc7 Bd7 24. Rb7 Kg7 25. Na3 Kf8 26.
Nc4 Nxc4 27. Bxc4 Ke7 28. Bd5 Kd8 29. Be4 h5 30. h4 dxe3 31. fxe3 Kc8 32. c4 Be6 33.
Rb6 Kc7 34. Rc6+ Kd7 35. Bd5 Bxd5 36. Rxf6 Bxc4 37. b6 Kc8 38. Rh6 Kb7 39. Kf2 Bf7 40. d4 exd4 41. exd4 Be8 42. Ke3 Bf7 43. Kf4 Be8 44.
Ke5 Bd7 45. d5 Bg4 46. Kd4 Ka6 47. Kc5 Bc8 48. Rh7 Bb7 49. Rc7 Bc6 50. Ra7# 1-0

[Event "*** Titled Tuesday Blitz"]
[Site "Chess.com"]
[Date "2021.03.16"]
[Round "11"]
[White "ural58"]
[Black "Tekushka"]
[Result "0-1"]
[WhiteElo "2499"]
[BlackElo "2425"]
[TimeControl "180+1"]
[EndTime "12:04:01 PDT"]
[Termination "Tekushka won on time"]

1. e4 e6 2. Qe2 c5 3. b3 Nc6 4. Bb2 Nf6 5. e5 Nd5 6. Nf3 Be7 7. g3 O-O 8. Bg2 d6 9. exd6 Qxd6 10. O-O Bf6 11. Bxf6 Nxf6 12. Nc3 b6 13. Nb5 Qb8 14.
Ne5 Nxe5 15. Bxa8 Qxa8 16. Qxe5 Bb7 17. Rae1 Bg2 18. d4 Bh3 19. f3 Bxf1 20. Rxf1 Qc6 21. c4 a6 22. Nc3 Rd8 23. Rd1 Qxf3 0-1

[Event "*** Titled Tuesday Blitz"]
[Site "Chess.com"]
[Date "2021.03.16"]
[Round "11"]
[White "RamyresCoelho"]
[Black "novocane"]
[Result "0-1"]
[WhiteElo "2094"]
[BlackElo "2244"]
[TimeControl "180+1"]
[EndTime "12:04:01 PDT"]
[Termination "novocane won by checkmate"]

1. e4 c5 2. Nf3 Nc6 3. d4 cxd4 4. Nxd4 e5 5. Nb5 d6 6. N1c3 a6 7. Na3 Be7 8. Nd5 Nf6 9. Nc4 Nxd5 10. exd5 Nb8 11.
Bd3 O-O 12. O-O f5 13. f3 Nd7 14. c3 Nf6 15. Ne3 g6 16. Kh1 Bd7 17. c4 Qe8 18. b3 Bd8 19. Bb2 Bb6 20. Nc2 f4 21.
Re1 Nh5 22. Be4 Qe7 23. h3 Bxh3 24. gxh3 Qh4 25. c5 Bxc5 26. Nd4 Qxh3+ 27. Kg1 Ng3 28.
Qd3 Qh1+ 29. Kf2 Qh2# 0-1

[Event "*** Titled Tuesday Blitz"]
[Site "Chess.com"]
[Date "2021.03.16"]
[Round "11"]
[White "Hangar-18"]
[Black "VladaSviridova"]
[Result "1-0"]
[WhiteElo "2326"]
[BlackElo "2199"]
[TimeControl "180+1"]
[EndTime "12:04:08 PDT"]
[Termination "Hangar-18 won on time"]

1. c4 c6 2. Nf3 d5 3. e3 Nf6 4.
Nc3 e6 5. d4 Nbd7 6. Bd3 dxc4 7. Bxc4 b5 8. Bd3 Bd6 9. e4 e5 10. O-O b4 11. Na4 O-O 12. dxe5 Nxe5 13. Nxe5 Bxe5 14.
h3 Re8 15. Qc2 Bd7 16. Be3 Qe7 17. f4 Bc7 18. e5 Nd5 19. Bc5 Qh4 20. Qf2 Qh5 21.
Rae1 Bd8 22. f5 Bh4 23. g3 Bd8 24. Kg2 Bc7 25. Bd4 f6 26. e6 Bc8 27. Re4 g5 28.
fxg6 hxg6 29. Rh4 Qg5 30. Rg4 Qh5 31. Bxg6 1-0

[Event "*** Titled Tuesday Blitz"]
[Site "Chess.com"]
[Date "2021.03.16"]
[Round "11"]
[White "NoGuru"]
[Black "ariosp"]
[Result "1-0"]
[WhiteElo "2286"]
[BlackElo "2196"]
[TimeControl "180+1"]
[EndTime "12:04:19 PDT"]
[Termination "NoGuru won on time"]

1. c4 Nf6 2. Nf3 e6 3. e3 c5 4. Nc3 b6 5. d4 cxd4 6. exd4 Be7 7. d5 d6 8. Bd3 O-O 9. O-O e5 10. Nd2 Bg4 11. Qc2 Bh5 12. b4 Bg6 13. Bxg6 hxg6 14. Nb3 Nbd7 15. Be3 Rc8 16. Qe2 a6 17. Rac1 Re8 18.
Rfd1 Qc7 19. c5 bxc5 20. bxc5 dxc5 21. Qxa6 Qb6 22. Qxb6 Nxb6 23. d6 Bd8 24. Nxc5 Nfd7 25. Nxd7 Nxd7 26. Nd5 Ra8 27. Nc7 Bxc7 28. dxc7 1-0

[Event "*** Titled Tuesday Blitz"]
[Site "Chess.com"]
[Date "2021.03.16"]
[Round "11"]
[White "SanchezKelvin"]
[Black "Murad_Ibrahimli"]
[Result "0-1"]
[WhiteElo "2640"]
[BlackElo "2779"]
[TimeControl "180+1"]
[EndTime "12:04:26 PDT"]
[Termination "Murad_Ibrahimli won by checkmate"]

1. d4 d5 2. Nf3 Nf6 3. c4 dxc4 4. Nc3 a6 5. a4 e6 6. Bg5 Bb4 7. e3 Qd5 8. Bxf6 gxf6 9. e4 Qxe4+ 10. Be2 Rg8 11.
O-O Bxc3 12. bxc3 Qd5 13. Ne1 Nc6 14. Bf3 Qd6 15. Qe2 Na5 16. Qe4 f5 17. Qh4 Bd7 18. Nc2 Bc6 19. Bxc6+ Qxc6 20. Ne3 Nb3 21. d5 Qd7 22. dxe6 fxe6 23. Rad1 Qe7 24. Qxc4 Nc5 25. Nxf5 Qg5 26. Ng3 Rd8 27. Rde1 Kd7 28. h4 Qe7 29. Re5 b6 30. a5 Qd6 31. Rfe1 Kc8 32. axb6 cxb6 33.
R5e3 Qd5 34. Qb4 Qc6 35. Ne4 Nd3 36. Qa3 a5 37. R1e2 Nf4 38. Re1 Nxg2 39. Ng3 Nxh4 40. Rxe6 Qg2# 0-1

[Event "*** Titled Tuesday Blitz"]
[Site "Chess.com"]
[Date "2021.03.16"]
[Round "11"]
[White "Jumbo"]
[Black "vovachesss"]
[Result "1-0"]
[WhiteElo "2830"]
[BlackElo "2742"]
[TimeControl "180+1"]
[EndTime "12:04:34 PDT"]
[Termination "Jumbo won by resignation"]

1. Nf3 Nf6 2. c4 d6 3. d4 Nbd7 4. Nc3 e5 5. g3 Be7 6. Bg2 O-O 7. O-O c6 8. Qc2 Qe8 9. Rd1 Bd8 10. e4 Qe7 11. h3 b6 12. Be3 Bb7 13. a3 Bc7 14. b4 Rfe8 15. Rab1 Rac8 16. c5 exd4 17. cxd6 Bxd6 18.
Nxd4 Bb8 19. Nf5 Qe6 20. Bf4 Ne5 21. a4 c5 22. b5 g6 23. Ne3 c4 24. Ncd5 Nxd5 25. Nxd5 Bxd5 26. Rxd5 Bc7 27. Rbd1 Nd3 28. Bxc7 Rxc7 29. R5xd3 cxd3 30. Qxc7 Rc8 31. Qf4 Qb3 32. Bf3 Rc2 33. Qe3 Rc3 34. Rd2 Qb1+ 35. Kg2 h6 36. Rd1 Qb3 37. Qxh6 d2 38. Be2 Qc2 39. Qf4 g5 40.
Qxg5+ Kf8 41. Qf4 1-0

[Event "*** Titled Tuesday Blitz"]
[Site "Chess.com"]
[Date "2021.03.16"]
[Round "11"]
[White "Kislov_Oleg"]
[Black "Aradhya2000"]
[Result "0-1"]
[WhiteElo "2446"]
[BlackElo "2573"]
[TimeControl "180+1"]
[EndTime "12:04:34 PDT"]
[Termination "Aradhya2000 won by checkmate"]

1. e4 e5 2. Nf3 Nc6 3. d4 exd4 4.
Nxd4 Nf6 5. Nc3 Nxe4 6. Nxe4 Qe7 7. Nxc6 Qxe4+ 8. Be2 dxc6 9. O-O Be6 10. Bf3 Qg6 11. Bf4 Bd6 12. Bxd6 Rd8 13. Qd4 Rxd6 14. Qxa7 O-O 15. Qxb7 Qxc2 16. a4 Bd5 17. Qxc7 Rfd8 18. Bxd5 Rxd5 19. a5 h5 20. a6 Rd1 21. Qa5 Qe2 22. Re1 R8d5 23. Qxd5 Qxe1# 0-1

[Event "*** Titled Tuesday Blitz"]
[Site "Chess.com"]
[Date "2021.03.16"]
[Round "11"]
[White "DinaBelenkaya"]
[Black "chesslh19"]
[Result "0-1"]
[WhiteElo "2345"]
[BlackElo "2269"]
[TimeControl "180+1"]
[EndTime "12:04:37 PDT"]
[Termination "chesslh19 won by resignation"]

1. e4 e5 2. Nf3 Nf6 3. Nc3 Nc6 4. Bc4 Nxe4 5. Nxe4 d5 6. Bd3 dxe4 7. Bxe4 Bd6 8.
O-O O-O 9. d3 h6 10. Bxc6 bxc6 11. Re1 Re8 12. b3 Bg4 13. Bb2 Qf6 14. Re4 Bxf3 15. Qxf3 Qxf3 16. gxf3 f6 17. Rc4 Re6 18. Rxc6 e4 19. Kg2 exd3 20. cxd3 Re2 21. Bd4 a5 22.
Rac1 Rxa2 23. Bc5 Rb2 24. Rc3 Rb8 25. Bxd6 cxd6 26. Rxd6 R2xb3 27. Rc7 R3b7 28. Rcc6 Ra8 29. Ra6 Rba7 30. Rab6 a4 31. Rb2 Ra6 32. Ra2 Rxd6 0-1

[Event "*** Titled Tuesday Blitz"]
[Site "Chess.com"]
[Date "2021.03.16"]
[Round "11"]
[White "Ranindu2003"]
[Black "Dyadya81"]
[Result "0-1"]
[WhiteElo "2590"]
[BlackElo "2731"]
[TimeControl "180+1"]
[EndTime "12:04:38 PDT"]
[Termination "Dyadya81 won by resignation"]

1. d4 d5 2. Bf4 c5 3. e3 Nc6 4.
Nc3 cxd4 5. exd4 a6 6. Nf3 Bg4 7. Be2 e6 8. O-O Bxf3 9. Bxf3 Bd6 10. Bxd6 Qxd6 11. Re1 Nge7 12. Na4 O-O 13. c3 Nf5 14. Qb3 Rab8 15. Rad1 Rfc8 16. g3 g6 17. Nc5 a5 18.
Qb5 b6 19. Nd3 Ncxd4 20. cxd4 Nxd4 21. Qa4 Nxf3+ 22. Kg2 Nxe1+ 23. Rxe1 Rc4 24. Qb3 b5 25. f4 a4 26. Qd1 Rbc8 27. Ne5 Rc2+ 28. Kh3 h5 29. g4 hxg4+ 30. Qxg4 Kg7 31. Nxg6 Rxb2 32. Ne7+ Kf8 33. Nxc8 Qc5 34. Rg1 Qc3+ 35. Rg3 Qh8+ 36. Qh4 Rxh2+ 37. Kxh2 Qxh4+ 38. Kg2 Qxf4 39. Nb6 Qd2+ 40.
Kh3 Ke7 41. Rg8 Qxa2 42. Nc8+ Kf6 43. Nd6 Qa3+ 0-1

[Event "*** Titled Tuesday Blitz"]
[Site "Chess.com"]
[Date "2021.03.16"]
[Round "11"]
[White "northridgehawk"]
[Black "GelmanAlexander"]
[Result "0-1"]
[WhiteElo "2355"]
[BlackElo "2561"]
[TimeControl "180+1"]
[EndTime "12:04:39 PDT"]
[Termination "GelmanAlexander won by resignation"]

1. e4 c5 2. Nf3 e6 3. d4 cxd4 4. Nxd4 a6 5. c4 d6 6. Nc3 Nf6 7. Be2 Bd7 8. O-O Nc6 9. Be3 Be7 10. f4 O-O 11. Bf3 Rc8 12. b3 Re8 13. Rc1 Bf8 14. Qd2 Nxd4 15. Bxd4 Bc6 16. Qf2 Nd7 17. Rfd1 b5 18. cxb5 axb5 19. Ne2 Qa5 20. Rc2 e5 21. Bc3 Qa8 22. Qe3 exf4 23. Nxf4 Bxe4 24. Bxe4 Qxe4 25. Qxe4 Rxe4 26. Nd5 b4 27. Rd3 bxc3 28. Rdxc3 Rxc3 29. Rxc3 Nf6 30. Nxf6+ gxf6 31. a4 d5 32. a5 Re1+ 33. Kf2 Ra1 34. Ke3 Rxa5 35. Kd4 Rb5 36. Rg3+ Kh8 37. h4 Bd6 38. Rf3 Be5+ 39. Kd3 Rxb3+ 40.
Ke2 Rxf3 41. Kxf3 0-1

[Event "*** Titled Tuesday Blitz"]
[Site "Chess.com"]
[Date "2021.03.16"]
[Round "11"]
[White "Omk124"]
[Black "davigator"]
[Result "1-0"]
[WhiteElo "2564"]
[BlackElo "2438"]
[TimeControl "180+1"]
[EndTime "12:04:40 PDT"]
[Termination "Omk124 won on time"]

1. e4 c5 2. Nf3 Nc6 3. d4 cxd4 4.
Nxd4 Nf6 5. Nc3 d6 6. Be2 Bd7 7.
Be3 Rc8 8. O-O a6 9. f3 e6 10. Nb3 Be7 11. a4 Na5 12. Nxa5 Qxa5 13. Qd2 Qc7 14.
a5 O-O 15. Bb6 Qb8 16. Rfd1 Bc6 17. Na4 Nd7 18. c4 Nf6 19. Bd4 Nd7 20. b4 Bxa4 21.
Rxa4 Ne5 22. Bxe5 dxe5 23. c5 Rfd8 24. Qe1 Qc7 25. Raa1 Rd4 26. Rxd4 exd4 27. Bc4 Bf6 28. Rd1 Rd8 29. f4 Qxf4 30. Qe2 g6 31. Rf1 Qe5 32. Qf3 Kg7 33. Bd3 Rd7 34. Qh3 Bg5 35. g3 Be3+ 36.
Kg2 f5 37. Qh4 g5 38. Qh3 fxe4 39. Bc4 Re7 40. Qg4 d3 41. Re1 Qd4 42. Bxe6 d2 43.
Rf1 Qe5 44. Bb3 Bd4 45. Rf5 Qxf5 46. Qxf5 Bf6 47. Kf1 e3 48. Ke2 Re5 49. Qd7+ Re7 50. Qd6 Kg6 51. Bc2+ Kg7 52. Qd3 Kg8 53. c6 bxc6 54.
Qxa6 Bc3 55. Qc4+ Kf8 56. Qxc3 1-0